 Dungeon Crawl Stone Soup version 0.20.1-1-g8b1a95d (webtiles) character file.

47383 Internecine the Fighter (level 14, 0/159 HPs)
             Began as a Demonspawn Warper on Sept 27, 2017.
             Was the Champion of Okawaru.
             Slain by Asterion
             ... wielding a +0 broad axe of chopping
              (2 damage)
             ... on level 2 of the Spider Nest.
             The game lasted 04:10:30 (18756 turns).

Internecine the Fighter (Demonspawn Warper)        Turns: 18756, Time: 04:10:35

Health: 0/159      AC: 27    Str: 17    XL:     14   Next: 8%
Magic:  0/7        EV:  2    Int: 15    God:    Okawaru [******]
Gold:   948        SH:  0    Dex: 15    Spells: 12/25 levels left

rFire    . . .     SeeInvis .   Z - +11 spear of Ciem {antimagic, MR++ Str+3}
rCold    . . .     Gourm    .   (no shield)
rNeg     + + +     Faith    .   (armour currently unavailable)
rPois    +         Spirit   +   (helmet currently unavailable)
rElec    .         Reflect  .   (cloak currently unavailable)
rCorr    .         Harm     .   (gloves currently unavailable)
MR       ++++.     NoTele   +   (boots unavailable)
Stlth    ++........             X - amulet of rage
Regen    0.4/turn               v - ring of poison resistance
MPRegen  0.2/turn               w - +4 ring of slaying

@: confused, liquid flames, tree-form, finesse, glowing, drained
A: blurry vision 1, magic resistance 1, nightstalker 2, magic shield, magic
regeneration
a: Heroism, Finesse, Renounce Religion, Evoke Berserk Rage


You were on level 2 of the Spider Nest.
You worshipped Okawaru.
Okawaru was exalted by your worship.
You were not hungry.
You were a tree.
You visited 4 branches of the dungeon, and saw 18 of its levels.

You collected 1083 gold pieces.
You spent 135 gold pieces at shops.

Inventory:

Hand Weapons
 i - a +3 hand crossbow
 A - the +8 longbow "Zephyr" {speed, Dex+3 SInv}
   (You found it on level 4 of the Lair of Beasts)

   Attacks with this weapon are significantly faster.
   It affects your dexterity (+3).
   It lets you see invisible.
 Z - the +11 spear of Ciem (weapon) {antimagic, MR++ Str+3}
   (You found it on level 4 of the Dungeon)

   It reduces the magical energy of the wielder, and disrupts the spells and
   magical abilities of those hit.
   Natural abilities and divine invocations are not affected.
   It affects your strength (+3).
   It affects your resistance to hostile enchantments.
Missiles
 g - 116 sling bullets
 k - 66 bolts
 q - 4 silver javelins
 C - 7 tomahawks (quivered)
 E - 7 poisoned tomahawks
 H - 295 arrows
Armour
 r - a +1 pair of gloves (melded)
 F - a +1 buckler of poison resistance
 K - a +2 cloak (melded)
 V - a +2 helmet (melded)
 W - the +9 shadow dragon scales of Macaiv (melded) {Dex+2 Stlth++++}
   (Okawaru gifted it to you on level 1 of the Lair of Beasts)

   It affects your dexterity (+2).
   It makes you much more stealthy.
Jewellery
 e - an uncursed ring of flight
 v - a ring of poison resistance (left branch)
 w - a +4 ring of slaying (right branch)
 y - an uncursed ring of protection from cold
 X - an amulet of rage (around neck)
Wands
 o - a wand of digging (10/24)
 L - a wand of flame (23/48)
 O - a wand of disintegration (16/24)
 P - a wand of lightning (10/15)
 R - a wand of confusion (29/48)
Scrolls
 b - 3 scrolls of remove curse
 n - 2 scrolls of magic mapping
 p - a scroll of immolation
 t - 8 scrolls of teleportation
 B - a scroll of blinking
Potions
 d - a potion of might
 h - 3 potions of flight
 m - 5 potions of brilliance
 u - 6 potions of haste
 x - 7 potions of curing
 z - 2 potions of lignification
 G - 4 potions of cancellation
 I - a potion of magic
 N - a potion of mutation
Books
 c - a book of Spatial Translocations

   Spells                             Type                      Level
   a - Blink                          Translocation                2
   b - Shroud of Golubria             Charms/Translocation         2
   c - Lesser Beckoning               Translocation                3
   d - Gell's Gravitas                Translocation                3
   e - Teleport Other                 Translocation                3
   f - Passage of Golubria            Translocation                4
 s - a book of Frost

   Spells                             Type                      Level
   a - Freeze                         Ice                          1
   b - Throw Frost                    Conjuration/Ice              2
   c - Ozocubu's Armour               Charms/Ice                   3
   d - Throw Icicle                   Conjuration/Ice              4
   e - Summon Ice Beast               Ice/Summoning                4
 D - a book of Conjurations

   Spells                             Type                      Level
   a - Magic Dart                     Conjuration                  1
   b - Searing Ray                    Conjuration                  2
   c - Dazzling Spray                 Conjuration/Hexes            3
   d - Fulminant Prism                Conjuration/Hexes            4
   e - Force Lance                    Conjuration/Translocation    4
   f - Iskenderun's Mystic Blast      Conjuration                  4
 Q - a book of Summonings

   Spells                             Type                      Level
   a - Recall                         Summoning/Translocation      3
   b - Aura of Abjuration             Summoning                    5
   c - Summon Demon                   Summoning                    5
   d - Summon Forest                  Summoning/Translocation      5
   e - Summon Mana Viper              Hexes/Summoning              5
   f - Shadow Creatures               Summoning                    6
Miscellaneous
 a - a phantom mirror
 T - a fan of gales (inert)
 U - a phial of floods
Comestibles
 f - 11 bread rations
 l - 8 meat rations
 M - 8 royal jellies


   Skills:
 + Level 8.3(7.5) Fighting
   Level 2.5(1.8) Long Blades
   Level 3.9(3.2) Maces & Flails
 + Level 7.8(7.0) Polearms
   Level 5.0(5.6) Slings
 * Level 7.0(6.2) Bows
 - Level 5.9(6.0) Throwing
 + Level 8.0(7.2) Armour
 * Level 6.5(5.8) Dodging
 * Level 5.0(4.3) Stealth
 - Level 5.5(4.8) Shields
 * Level 6.2(5.4) Spellcasting
 * Level 6.2(5.5) Charms
 * Level 1.8(1.1) Summonings
 * Level 7.2(6.4) Translocations


You had 12 spell levels left.
You knew the following spells:

 Your Spells              Type           Power        Failure   Level  Hunger
a - Blink                 Tloc           N/A          1%          2    #......
b - Shroud of Golubria    Chrm/Tloc      ###.......   1%          2    #......
c - Slow                  Hex            #.......     24%         2    #......
d - Passage of Golubria   Tloc           N/A          11%         4    ####...
e - Call Imp              Summ           #.......     14%         2    #......
f - Confusing Touch       Hex            #.....       16%         1    None


Dungeon Overview and Level Annotations

Branches:
Dungeon (11/15)            Temple (1/1) D:5            Lair (4/6) D:9
 Spider (2/4) Lair:4
  Swamp: Lair:2-4    Shoals: Lair:2-4       Orc: D:9-12

Altars:
Ashenzari
Dithmenos
Elyvilon
Fedhas
Gozag
Kikubaaqudgha
Makhleb
Nemelex Xobeh
Okawaru
Ru
Sif Muna
Trog
Vehumet
Yredelemnul
Zin
The Shining One

Shops:
D:8 ?   D:10 :

Annotations:
Spider:2 Asterion


Innate Abilities, Weirdness & Mutations

((You have claws for feet.))
You are significantly more attuned to the shadows.
When hurt, damage is shared between your health and your magic reserves.
You regenerate magic rapidly.
((When seriously injured, your bleeding wounds create armour. (AC +0)))
Scrolls take you a little longer to read.
You are resistant to hostile enchantments. (MR+)


Message History

* * * LOW HITPOINT WARNING * * *
x2 Asterion gores you but does no damage.
Asterion blocks your attack.
Asterion is almost dead.
Asterion blocks your attack.
Asterion is almost dead.
Asterion conjures a destructive force in the name of Makhleb!
The sticky flame hits you!
You are covered in liquid flames!
You puncture Asterion!
Asterion is almost dead.
You are covered in liquid flames!
* * * LOW HITPOINT WARNING * * *
You are confused.
You feel invigorated.
You are covered in liquid flames!
* * * LOW HITPOINT WARNING * * *
Asterion hits you with a broad axe of chopping!
* * * LOW HITPOINT WARNING * * *
You die...

#.........
#.........
#.........
#.........
#......... #...((.#
#..2#### ###H#
###♣###.. #.#.....#
### ##.....^# #.# #.
###.#..### #<# #(
#..####.# ##.## #.
##.### #.###...###
#.
##..####.#......###^
##.....##.....^..##^
#........####.......


You could see Asterion and a balrug.

Vanquished Creatures
  Arachne (Spider:2)
  Louise (Spider:2)
  2 hydras
  The ghost of siprus the Envoy of Void, a journeyman DsAK of Lugonu (Lair:3)
  The ghost of aatami the Martial Artist, a journeyman HuTm (D:7)
  The ghost of LarsimusPrime the Basher, a novice MiBe of Trog (D:8)
  Pikel (D:8)
  2 orb spiders (Spider:1)
  17 wolf spiders
  2 moths of wrath
  4 spiny frogs
  7 komodo dragons
  A rime drake (Lair:1)
  The ghost of gyp21 the Magician, a novice DEFE of Ashenzari (D:5)
  3 demonic crawlers (Spider:1)
  18 jumping spiders
  Grinder (D:3)
  4 hornets
  3 blink frogs (Lair:2)
  2 hippogriffs (Lair:4)
  9 tarantellas
  12 spriggans (Lair:4)
  35 redbacks
  A human (D:7)
  3 wyverns
  4 hogs
  30 yaks
  A basilisk (Lair:2)
  5 water moccasins
  5 orc warriors
  7 porcupines
  3 sky beasts
  5 phantoms
  2 black bears
  An eye of draining (D:10)
  A necrophage (D:8)
  3 ogres
  7 centaurs
  3 boggarts (Lair:4)
  A wolf (Lair:4)
  8 crocodiles
  A big kobold (D:8)
  10 bullfrogs
  A gnoll sergeant (D:9)
  3 scorpions
  6 killer bees (D:9)
  An electric eel (Lair:1)
  4 howler monkeys
  3 crimson imps
  3 hounds
  A gnoll shaman (D:9)
  5 orc priests
  Crazy Yiuf (D:3)
  10 orc wizards
  Ijyb (D:3)
  Terence (D:3)
  Jessica (D:3)
  3 centaur skeletons
  6 iguanas
  Natasha (D:2)
  7 worker ants
  A hound zombie (D:7)
  2 hound skeletons
  A worker ant zombie (D:8)
  12 gnolls
  15 adders
  5 worms
  4 dart slugs
  7 leopard geckos
  29 orcs
  6 bats
  6 giant cockroaches
  7 goblins
  8 hobgoblins
  12 jackals
  20 kobolds
  7 quokkas
  3 ball pythons
  A ball python zombie (D:6)
  A frilled lizard (D:1)
  A giant cockroach zombie (D:5)
  A goblin skeleton (D:11)
  A goblin zombie (D:11)
  A hobgoblin zombie (D:11)
  A jackal skeleton (D:4)
  A jackal zombie (D:8)
  An orc skeleton (D:11)
  An orc zombie (D:11)
  A quokka skeleton (D:7)
  8 rats
452 creatures vanquished.

Vanquished Creatures (others)
  4 slaves (D:8)
  A black bear (D:8)
  An orc wizard (D:8)
  2 orcs (D:8)
  A quokka (D:3)
  5 fungi
  2 plants (D:9)
16 creatures vanquished.

Grand Total: 468 creatures vanquished

Notes
Turn   | Place    | Note
-------+----------+-------------------------------------------
     0 | D:1      | Internecine the Demonspawn Warper began the quest for the Orb.
     0 | D:1      | Reached XP level 1. HP: 16/16 MP: 3/3
   132 | D:1      | Gained mutation: You have sharp toenails. [demonic ancestry]
   132 | D:1      | Reached XP level 2. HP: 9/22 MP: 5/5
   182 | D:1      | Reached skill level 1 in Throwing
   363 | D:1      | Reached skill level 1 in Armour
  1034 | D:2      | Gained mutation: You have razor-sharp toenails. [demonic ancestry]
  1034 | D:2      | Reached XP level 3. HP: 24/28 MP: 6/6
  1608 | D:2      | Gained mutation: You are slightly more attuned to the shadows. [demonic ancestry]
  1608 | D:2      | Reached XP level 4. HP: 33/34 MP: 7/7
  1722 | D:2      | Reached skill level 1 in Slings
  2041 | D:2      | Noticed Natasha
  2046 | D:2      | Killed Natasha
  2046 | D:2      | Reached XP level 5. HP: 37/40 MP: 8/8
  2382 | D:3      | Noticed Grinder
  2397 | D:3      | Killed Grinder
  2397 | D:3      | Reached skill level 1 in Maces & Flails
  2397 | D:3      | Gained mutation: When seriously injured, your bleeding wounds create armour. (AC +0) [demonic ancestry]
  2397 | D:3      | Reached XP level 6. HP: 27/47 MP: 9/9
  2401 | D:3      | Learned a level 2 spell: Blink
  2404 | D:3      | Learned a level 2 spell: Shroud of Golubria
  2428 | D:3      | Noticed Terence
  2437 | D:3      | Killed Terence
  2584 | D:3      | Noticed Ijyb
  2594 | D:3      | Killed Ijyb
  2652 | D:3      | Found a white marble altar of Elyvilon.
  2999 | D:3      | Noticed Jessica
  3006 | D:3      | Killed Jessica
  3006 | D:3      | Reached XP level 7. HP: 31/52 MP: 10/10
  3139 | D:3      | Found a runed door.
  3470 | D:3      | Noticed Crazy Yiuf
  3475 | D:3      | Killed Crazy Yiuf
  3976 | D:4      | Got a polished spear
  4066 | D:4      | Identified the +11 spear of Ciem {antimagic, MR++ Str+3} (You found it on level 4 of the Dungeon)
  4087 | D:5      | Entered Level 5 of the Dungeon
  4173 | D:5      | Found a staircase to the Ecumenical Temple.
  4182 | D:5      | Gained mutation: When hurt, damage is shared between your health and your magic reserves. [demonic ancestry]
  4182 | D:5      | Reached XP level 8. HP: 33/60 MP: 4/12
  4258 | Temple   | Entered the Ecumenical Temple
  4376 | Temple   | Became a worshipper of Warmaster Okawaru
  4559 | D:5      | Found a deep blue altar of Sif Muna.
  4646 | D:5      | Found a shattered altar of Ashenzari.
  4653 | D:5      | Noticed gyp21's ghost (novice DEFE)
  4664 | D:5      | Killed gyp21's ghost
  4664 | D:5      | Reached skill level 1 in Polearms
  4664 | D:5      | Reached skill level 1 in Stealth
  5172 | D:6      | Found a burning altar of Makhleb.
  5620 | D:6      | Found a glowing silver altar of Zin.
  5620 | D:6      | Found an opulent altar of Gozag.
  5887 | D:7      | Found an opulent altar of Gozag.
  6053 | D:6      | Reached skill level 1 in Charms
  6157 | D:7      | Reached * piety under Okawaru
  6207 | D:7      | Reached skill level 1 in Shields
  6212 | D:7      | Reached XP level 9. HP: 46/65 MP: 4/13
  6293 | D:7      | Found a glowing golden altar of the Shining One.
  6962 | D:7      | Noticed aatami's ghost (journeyman HuTm)
  7011 | D:7      | Killed aatami's ghost
  7011 | D:7      | Reached ** piety under Okawaru
  7011 | D:7      | Reached skill level 5 in Throwing
  7250 | D:7      | Reached skill level 5 in Fighting
  7406 | D:8      | Noticed Pikel
  7419 | D:8      | Killed Pikel
  7419 | D:8      | Reached *** piety under Okawaru
  7419 | D:8      | Gained mutation: You have claws for feet. [demonic ancestry]
  7419 | D:8      | Reached XP level 10. HP: 53/74 MP: 1/15
  7505 | D:8      | Found Zaotuof's Magic Scroll Shop.
  7540 | D:8      | Bought a scroll of teleportation for 45 gold pieces
  7540 | D:8      | Bought a scroll of remove curse for 45 gold pieces
  7540 | D:8      | Bought a scroll of teleportation for 45 gold pieces
  7758 | D:8      | Noticed LarsimusPrime's ghost (novice MiBe)
  7787 | D:8      | Killed LarsimusPrime's ghost
  7787 | D:8      | Reached skill level 5 in Polearms
  7787 | D:8      | Reached skill level 5 in Armour
  8292 | D:9      | Reached **** piety under Okawaru
  8316 | D:9      | Received a gift from Okawaru
  9448 | D:9      | Found a staircase to the Lair.
  9516 | D:10     | Entered Level 10 of the Dungeon
  9811 | D:10     | Found Wuuf's Book Shop.
  9831 | D:10     | Reached XP level 11. HP: 80/80 MP: 5/16
  9882 | D:10     | Received a gift from Okawaru
 10052 | D:10     | Gained mutation: You are weak. (Str -2) [mutagenic meat]
 10055 | D:10     | Gained mutation: Your magical capacity is low. (-10% MP) [mutagenic meat]
 10263 | D:10     | Gained mutation: Your spells are a little harder to cast, but a little more powerful. [mutagenic meat]
 10264 | D:10     | Lost mutation: You are weak. (Str -2) [mutagenic meat]
 10265 | D:10     | Gained mutation: You passively map a small area around you. [mutagenic meat]
 11047 | D:11     | Noticed a six-headed hydra
 11060 | D:11     | Killed a six-headed hydra
 11358 | D:10     | Reached skill level 5 in Translocations
 11362 | D:10     | Reached ***** piety under Okawaru
 11582 | Lair:1   | Entered Level 1 of the Lair of Beasts
 12261 | Lair:1   | Lost mutation: Your spells are a little harder to cast, but a little more powerful. [potion of mutation]
 12261 | Lair:1   | Lost mutation: Your magical capacity is low. (-10% MP) [potion of mutation]
 12261 | Lair:1   | Lost mutation: You passively map a small area around you. [potion of mutation]
 12261 | Lair:1   | Gained mutation: You have a pair of small horns on your head. [potion of mutation]
 12261 | Lair:1   | Gained mutation: Your mind is acute. (Int +2) [potion of mutation]
 12265 | Lair:1   | Lost mutation: Your mind is acute. (Int +2) [potion of mutation]
 12265 | Lair:1   | Lost mutation: You have a pair of small horns on your head. [potion of mutation]
 12265 | Lair:1   | Gained mutation: Scrolls take you a little longer to read. [potion of mutation]
 12265 | Lair:1   | Gained mutation: You are resistant to hostile enchantments. (MR+) [potion of mutation]
 12301 | Lair:1   | Received a gift from Okawaru
 12304 | Lair:1   | Got steaming shadow dragon scales {god gift}
 12318 | Lair:1   | Identified the +9 shadow dragon scales of Macaiv {Dex+2 Stlth++++} (Okawaru gifted it to you on level 1 of the Lair of Beasts)
 12561 | Lair:1   | Reached skill level 5 in Shields
 12896 | Lair:2   | Noticed a four-headed hydra
 12910 | Lair:2   | Killed a four-headed hydra
 13476 | Lair:2   | Reached XP level 12. HP: 86/91 MP: 4/18
 14006 | Lair:3   | Noticed siprus's ghost (journeyman DsAK)
 14027 | Lair:3   | Killed siprus's ghost
 14612 | Lair:4   | Reached skill level 5 in Slings
 14688 | Lair:4   | Found a hole to the Spider Nest.
 14821 | Lair:4   | Reached skill level 5 in Dodging
 14833 | Lair:4   | Reached skill level 1 in Bows
 15366 | Lair:4   | Reached skill level 5 in Charms
 15385 | Lair:4   | Received a gift from Okawaru
 15385 | Lair:4   | Reached ****** piety under Okawaru
 15534 | Lair:4   | Learned a level 2 spell: Slow
 15539 | Lair:4   | Learned a level 4 spell: Passage of Golubria
 15540 | Spider:1 | Entered Level 1 of the Spider Nest
 15557 | Spider:1 | Reached skill level 5 in Spellcasting
 15809 | Spider:1 | Gained mutation: You regenerate magic rapidly. [demonic ancestry]
 15809 | Spider:1 | Reached XP level 13. HP: 91/97 MP: 10/20
 15812 | Spider:1 | Received a gift from Okawaru
 16451 | Spider:1 | Received a gift from Okawaru
 16455 | Spider:1 | Reached skill level 5 in Bows
 16994 | Spider:1 | Learned a level 2 spell: Call Imp
 16997 | Spider:1 | Learned a level 1 spell: Confusing Touch
 17940 | Spider:2 | Noticed Louise
 17986 | Spider:2 | Killed Louise
 17986 | Spider:2 | Reached skill level 1 in Summonings
 18202 | Spider:2 | Noticed Arachne
 18241 | Spider:2 | Killed Arachne
 18241 | Spider:2 | Received a gift from Okawaru
 18415 | Spider:2 | Gained mutation: You are significantly more attuned to the shadows. [demonic ancestry]
 18415 | Spider:2 | Reached XP level 14. HP: 96/105 MP: 20/23
 18453 | Spider:2 | Reached skill level 5 in Stealth
 18471 | Spider:2 | Received a gift from Okawaru
 18711 | Spider:2 | Noticed Asterion
 18714 | Spider:2 | Noticed a balrug
 18746 | Spider:2 | HP: 6/159 [Asterion/broad axe of chopping (4)]
 18756 | Spider:2 | HP: 5/159 [burnt (4)]
 18756 | Spider:2 | HP: 2/159 [Asterion/broad axe of chopping (6)]
 18756 | Spider:2 | Slain by Asterion

Skill      XL: |  1  2  3  4  5  6  7  8  9 10 11 12 13 14 |
---------------+-------------------------------------------+-----
Long Blades    | 2 |  2.5
Throwing       | 1 2 3 4 5 |  5.9
Armour         | 1 2 3 4 5 6 7 8 |  8.0
Dodging        | 2 3 4 5 6 |  6.5
Slings         | 1 2 4 5 |  5.0
Fighting       | 3 4 5 6 7 8 |  8.3
Maces & Flails | 1 2 3 |  3.9
Translocations | 3 4 5 6 7 |  7.2
Polearms       | 2 4 6 7 |  7.8
Stealth        | 1 2 3 4 5 |  5.0
Charms         | 1 2 4 5 6 |  6.2
Spellcasting   | 3 4 5 6 |  6.2
Shields        | 1 2 4 5 |  5.5
Bows           | 4 6 7 |  7.0
Summonings     | 1 |  1.8

Action                   |  1- 3 |  4- 6 |  7- 9 | 10-12 | 13-15 || total
-------------------------+-------+-------+-------+-------+-------++-------
Melee: Falchion          |    57 |     4 |       |       |       ||    61
       Kick              |     5 |    17 |    46 |   193 |    86 ||   347
       Flail             |       |    70 |    44 |       |       ||   114
       Spear             |       |       |   151 |   619 |   227 ||   997
 Fire: Hunting sling     |    14 |    15 |    25 |    73 |       ||   127
       Longbow           |       |       |       |   102 |   162 ||   264
       Hand crossbow     |       |       |       |       |     1 ||     1
Throw: Tomahawk          |     5 |       |       |    14 |    21 ||    40
       Stone             |    31 |    64 |   173 |   167 |       ||   435
 Cast: Blink             |       |       |     6 |       |       ||     6
       Shroud of Golubri |       |       |     8 |     2 |     7 ||    17
Invok: Heroism           |       |       |       |       |     1 ||     1
       Finesse           |       |       |       |       |     1 ||     1
Evoke: Fan of gales      |       |       |       |       |     1 ||     1
  Use: Scroll            |     1 |    10 |     9 |    17 |     4 ||    41
       Potion            |       |     3 |     2 |     5 |    12 ||    22
 Stab: Sleeping          |       |       |       |     5 |       ||     5
       Distracted        |       |       |       |       |     2 ||     2
  Eat: Chunk             |     2 |     3 |     7 |    28 |     1 ||    41
       Fruit             |       |     1 |     4 |     4 |       ||     9
       Meat ration       |       |       |     1 |     1 |     2 ||     4
Armor: Leather armour    |     8 |       |    53 |     6 |       ||    67
       Scale mail        |     9 |    29 |    27 |       |       ||    65
       Plate armour      |       |       |       |    88 |       ||    88
       Ring mail         |       |       |       |    39 |       ||    39
       Shadow dragon sca |       |       |       |   141 |   269 ||   410
       Skin              |       |       |       |       |     8 ||     8
Dodge: Dodged            |    31 |    47 |    93 |   161 |   145 ||   477
Block: Shield            |       |       |    35 |   228 |       ||   263
       Buckler           |       |       |       |       |     1 ||     1
       Rpst.: Falchion   |     7 |       |       |       |       ||     7
